 Dungeon Crawl Stone Soup version 0.23.2-40-g277498a (webtiles) character file.

Game seed: 10771988616935000123

212 paralogiki the Magician (level 5, 0/38 HPs)
             Began as a Mummy Wizard on Sept 3, 2019.
             Killed from afar by an orc wizard (7 damage)
             ... with a magic dart
             ... on level 2 of the Dungeon.
             The game lasted 00:09:37 (4055 turns).

paralogiki the Magician (Mummy Wizard)              Turns: 4055, Time: 00:09:37

Health: 0/38       AC:  2    Str: 11    XL:     5   Next: 58%
Magic:  3/12       EV: 12    Int: 23    God:
Gold:   92         SH:  0    Dex: 10    Spells: 10/14 levels left

rFire    x . .     SeeInvis .   k - +2 dagger (elec)
rCold    + . .     Gourm    .   (no shield)
rNeg     + + +     Faith    .   a - +0 robe
rPois    ∞         Spirit   .   b - +0 hat
rElec    .         Reflect  .   (no cloak)
rCorr    .         Harm     .   (no gloves)
MR       .....                  (no boots)
Stlth    +++.......             (no amulet)
HPRegen  0.12/turn              d - ring of stealth
MPRegen  0.13/turn              f - +5 ring of intelligence

@: no status effects
A: no food or potions, fire vulnerability, cold resistance 1, negative energy
resistance 3, torment resistance, unbreathing
a: no special abilities


You were on level 2 of the Dungeon.
You were not hungry.

You visited 1 branch of the dungeon, and saw 3 of its levels.
You also visited: Sewer.

You collected 92 gold pieces.

Inventory:

Hand Weapons
 k - a +2 dagger of electrocution (weapon)
Armour
 a - a +0 robe (worn)
 b - a +0 hat (worn)
Jewellery
 d - a ring of stealth (left hand)
 f - a +5 ring of intelligence (right hand)
Scrolls
 c - 4 scrolls of remove curse {@r2}
 e - a scroll of amnesia {unknown}
 g - a scroll of blinking {unknown}
 h - a scroll of enchant armour {unknown}
 j - a scroll of fear {unknown}


   Skills:
 + Level 2.1 Fighting
 - Level 1.5 Dodging
 - Level 1.5 Stealth
 + Level 5.0 Spellcasting
 * Level 2.9 Conjurations
   Level 0.7 Summonings
   Level 0.7 Translocations
 * Level 1.8 Fire Magic


You had 10 spell levels left.
You knew the following spells:

 Your Spells              Type           Power        Failure   Level  Hunger
a - Magic Dart            Conj           ###.         2%          1    N/A
b - Conjure Flame         Conj/Fire      ###.....     11%         3    N/A

Your spell library contained the following spells:

 Spells                   Type           Power        Failure   Level  Hunger
 Blink                    Tloc           N/A          11%         2    N/A
 Call Imp                 Summ           #.......     11%         2    N/A
 Slow                     Hex            #.......     14%         2    N/A
 Mephitic Cloud           Conj/Pois/Air  ##......     19%         3    N/A

Dungeon Overview and Level Annotations

Branches:
Dungeon (3/15)

Altars:
Cheibriados
Fedhas
Okawaru


Innate Abilities, Weirdness & Mutations

You do not eat or drink.
Your flesh is vulnerable to fire.
You are immune to poison.
Your flesh is cold resistant. (rC+)
You are immune to negative energy. (rN+++)
You are immune to unholy pain and torment.
You can survive without breathing.


Message History

The orc wizard hits you with a +1 dagger of protection.
The orc wizard hits you but does no damage.
You climb upwards.
There is a stone staircase leading down here.
The orc wizard barely misses you.
The orc wizard mumbles some strange words.
The orc wizard seems to speed up.
The orc wizard casts a spell at you. The magic dart hits you.
* * * LOW HITPOINT WARNING * * *
Your magical contamination has completely faded away.
Things that are here:
a +0 robe; a +0 dagger The orc wizard gestures at you while chanting.
You resist with some effort.
The orc wizard hits you with a +1 dagger of protection.
* * * LOW HITPOINT WARNING * * *
The orc wizard points at you and mumbles some strange words.
The magic dart hits you!
You die...

≈≈≈≈≈≈≈!.##
#.#####.###
≈≈≈≈≈≈≈≈..#
#.##.#†#†#
≈≈≈≈≈≈≈≈≈.##
#.##..##.#
≈≈PPP≈≈≈≈..#
#.#####.##
≈PP...≈≈≈≈.# #.#
##.##
≈>._P<≈≈≈≈.##
###.###.####
≈...PP≈≈≈≈..#
#...##.##..#
≈≈♣PP≈≈≈≈...#
#.####.#.#.#
≈≈≈≈≈≈≈≈≈!..# #@#
##.####
≈≈≈≈≈≈≈≈...#####o#
###_#
≈≈≈≈≈≈≈..#.......#
#.###
..≈≈≈...##.#######
#.# #.....####.#
########.# #.#.(##
#.# #........#
#.#)## #[#
#.######## ....#
#.# #.#
....######.###.#


You could see an orc wizard.

Vanquished Creatures
  2 orc wizards
  Terence (D:2)
  5 adders
  A river rat (Sewer)
  3 worms
  2 leopard geckos
  6 orcs
  5 ball pythons
  5 bats
  3 giant cockroaches
  5 goblins
  8 hobgoblins
  9 frilled lizards
  4 kobolds
  11 rats
70 creatures vanquished.

Notes
Turn   | Place    | Note
-------+----------+-------------------------------------------
     0 | D:1      | paralogiki the Mummy Wizard began the quest for the Orb.
     0 | D:1      | Reached XP level 1. HP: 13/13 MP: 5/5
    93 | D:1      | Reached skill level 1 in Conjurations
   266 | D:1      | Reached XP level 2. HP: 20/20 MP: 0/7
   899 | D:2      | Reached skill level 1 in Fighting
   955 | D:2      | Reached XP level 3. HP: 26/26 MP: 1/8
  1074 | D:2      | Found a blossoming altar of Fedhas.
  1274 | D:2      | Learned a level 3 spell: Conjure Flame
  1482 | D:2      | Found an iron altar of Okawaru.
  1753 | D:2      | Noticed Terence
  2275 | D:2      | Killed Terence
  2275 | D:2      | Reached XP level 4. HP: 23/32 MP: 0/10
  2460 | D:2      | Reached skill level 1 in Fire Magic
  2540 | D:2      | Found a snail-covered altar of Cheibriados.
  2678 | D:3      | Found a glowing drain.
  2747 | Sewer    | Entered a sewer
  3339 | D:3      | Reached XP level 5. HP: 38/38 MP: 8/12
  3690 | D:2      | Reached skill level 5 in Spellcasting
  4055 | D:2      | Killed from afar by an orc wizard

Skill      XL: |  1  2  3  4  5 |
---------------+----------------+-----
Conjurations   | 1 2 |  2.9
Fighting       | 1 2 |  2.1
Fire Magic     | 1 |  1.8
Spellcasting   | 5 |  5.0
Dodging        | |  1.5
Stealth        | |  1.5
Summonings     | |  0.7
Translocations | |  0.7

Action                   |  1- 3 |  4- 6 || total
-------------------------+-------+-------++-------
Melee: Unarmed           |    13 |       ||    13
       Short sword       |    13 |       ||    13
 Cast: Magic Dart        |   141 |   106 ||   247
       Conjure Flame     |       |     2 ||     2
  Use: Scroll            |       |     1 ||     1
Armor: Robe              |     8 |     3 ||    11
Dodge: Dodged            |    40 |    22 ||    62
